 Dungeon Crawl Stone Soup version 0.25.0-9-g26727b657a (webtiles) character file.

Game seed: 7147127348524264379

85 funkygono the Firebug (level 4, -7/24 HPs)
             Began as a Gargoyle Fire Elementalist on June 20, 2020.
             Mangled by a gnoll
             ... wielding a +0 flail
              (14 damage)
             ... on level 2 of the Dungeon.
             The game lasted 00:08:10 (1964 turns).

funkygono the Firebug (Gargoyle Fire Elementalist)  Turns: 1964, Time: 00:08:10

Health: -7/24      AC:  8    Str: 11    XL:     4   Next: 48%
Magic:  6/7        EV: 11    Int: 17    God:
Gold:   151        SH:  0    Dex: 10    Spells: 7/8 levels left

rFire    . . .     SeeInvis .   j - +0 club
rCold    . . .     Gourm    .   (no shield)
rNeg     + . .     Faith    .   i - +0 leather armour
rPois    ∞         Spirit   .   f - +0 helmet
rElec    +         Reflect  .   (no cloak)
rCorr    .         Harm     .   l - +0 pair of gloves
MR       .....                  (no boots)
Stlth    ++........             (no amulet)
HPRegen  0.08/turn              (no ring)
MPRegen  0.10/turn              (no ring)

@: no status effects
A: negative energy resistance 1, electricity resistance, unbreathing,
petrification resistance, rot immunity, AC +3
a: no special abilities


You were on level 2 of the Dungeon.
You were not hungry.

You visited 1 branch of the dungeon, and saw 3 of its levels.

You collected 151 gold pieces.

Inventory:

Hand Weapons
 j - a +0 club (weapon)
Missiles
 d - 91 stones (quivered)
Armour
 f - a +0 helmet (worn)
 i - a +0 leather armour (worn)
 l - a +0 pair of gloves (worn)
Jewellery
 n - a cursed amulet of inaccuracy {unknown}
 o - a cursed -4 ring of strength {unknown}
Scrolls
 e - a scroll of remove curse {unknown}
 h - a scroll of identify
 k - a scroll of enchant weapon {unknown}
 m - 4 scrolls of teleportation {unknown}
Potions
 a - a potion of heal wounds
 g - a potion of might
Comestibles
 b - a chunk of flesh
 c - 3 rations


   Skills:
 + Level 0.1 Maces & Flails
 + Level 1.7 Dodging
 + Level 3.2 Stealth
 + Level 2.5 Spellcasting
 + Level 1.8 Conjurations
 + Level 3.9 Fire Magic


You had 7 spell levels left.
You knew the following spells:

 Your Spells              Type           Power        Failure   Level  Hunger
a - Foxfire               Conj/Fire      ##..         8%          1    #......

Your spell library contained the following spells:

 Spells                   Type           Power        Failure   Level  Hunger
 Conjure Flame            Conj/Fire      ##......     22%         3    ###....
 Inner Flame              Hex/Fire       #.......     32%         3    ###....
 Sticky Flame             Conj/Fire      ##......     58%         4    #####..
 Fireball                 Conj/Fire      ##........   90%         5    ######.


Dungeon Overview and Level Annotations

Branches:
Dungeon (3/15)

Altars:
Elyvilon


Innate Abilities, Weirdness & Mutations

You are resistant to torment.
Your stone body is resilient. (AC +3)
You are immune to poison.
You resist negative energy. (rN+)
You are resistant to electric shocks. (rElec)
You can survive without breathing.
You are immune to petrification.
You are immune to rotting.


Message History

The gnoll is lightly wounded.
The gnoll hits you with a +0 flail.
You barely miss the gnoll.
The gnoll is lightly wounded.
The gnoll hits you with a +0 flail!
You hit the gnoll but do no damage.
The gnoll is lightly wounded.
The gnoll hits you with a +0 flail.
* * * LOW HITPOINT WARNING * * *
You hit the gnoll.
The gnoll is moderately wounded.
The gnoll closely misses you.
You hit the gnoll.
The gnoll is severely wounded.
The gnoll closely misses you.
You barely miss the gnoll.
The gnoll is severely wounded.
The gnoll hits you with a +0 flail!
Ouch! That really hurt!
You die...

#.# #.#
#.# #.#
#.# #.#
#.# #g###
#.@.#
###.# ...
#.# #.#
#.# #.#
#.# #.#
#.# #.#
#.# #.#
#.# #.#
#.######.#
#####


You could see a gnoll (strong).

Vanquished Creatures
  Robin (D:2)
  An adder (D:3)
  An ooze (D:3)
  2 worms
  2 dart slugs (D:1)
  5 bats
  3 giant cockroaches
  3 hobgoblins
  2 jackals (D:1)
  A quokka (D:2)
  3 frilled lizards
  19 goblins
  3 kobolds
  6 rats
52 creatures vanquished.

Vanquished Creatures (others)
  127 foxfires
127 creatures vanquished.

Grand Total: 179 creatures vanquished

Notes
Turn   | Place    | Note
-------+----------+-------------------------------------------
     0 | D:1      | funkygono the Gargoyle Fire Elementalist began the quest
                  | for the Orb.
     0 | D:1      | Reached XP level 1. HP: 10/10 MP: 3/3
   292 | D:1      | Reached XP level 2. HP: 15/15 MP: 0/5
   840 | D:1      | Reached XP level 3. HP: 19/19 MP: 2/6
   996 | D:2      | Found a white marble altar of Elyvilon.
  1193 | D:2      | Noticed Robin
  1257 | D:2      | Killed Robin
  1386 | D:2      | You fall into a shaft and drop 1 floor!
  1390 | D:3      | Reached XP level 4. HP: 24/24 MP: 2/7
  1726 | D:2      | Found a white marble altar of Elyvilon.
  1964 | D:2      | Mangled by a gnoll

Illustrated notes

Levels and vault maps discovered:
D:1:      dpeg_arrival_arbitrary_b, layout_loops_cross
D:2:      layout_loops_ring, old_standard_altar, elyvilon_altar_4, uniq_robin
D:3:      kennysheep_goblin_castle, layout_loops_ring,
          nicolae_ru_great_annihilating_truth, first_ration

Skill      XL: |  1  2  3  4 |
---------------+-------------+-----
Stealth        | 3 |  3.2
Maces & Flails | |  0.1
Dodging        | |  1.7
Spellcasting   | |  2.5
Conjurations   | |  1.8
Fire Magic     | |  3.9

Action                   |  1- 3 |  4- 6 || total
-------------------------+-------+-------++-------
Melee: Unarmed           |     6 |       ||     6
       Club              |    39 |    26 ||    65
 Cast: Foxfire           |    61 |    23 ||    84
  Use: Potion            |     4 |       ||     4
       Scroll            |     1 |       ||     1
 Stab: Invisible         |     3 |       ||     3
  Eat: Chunk             |     2 |     2 ||     4
Armor: Robe              |    31 |       ||    31
       Leather armour    |       |     9 ||     9
Dodge: Dodged            |    80 |    14 ||    94
